cohdb
Replays
Latest Replays
All Replays
Popular Replays
Top Player Replays
Match Explorer
How It Works
Community
CoH3 Stats
Reddit
Sign in to upload your games and track your stats! →
Sign in with Steam
Match 41131044
Unlisted
Match 41131044
Overview
Messages
Build Orders
End
Vickers Machine Gun Team
Construct Section Command Post
Selects Canadian Shock Battlegroup
ML 3-inch Mortar Team
Vickers Machine Gun Team
Construct Platoon Command Post
Selects Attacking Spirit
Selects Canadian Shock Section
Canadian Shock Section
CMP 15cwt Truck
Selects Incendiary Munitions
Canadian Shock Section
Canadian Shock Section
Canadian Shock Section
Selects Pyrotechnics
Canadian Shock Section
Infantry Training
Construct Company Command Post
Selects Churchill Crocodile Heavy Tank
Churchill Crocodile Heavy Tank
Construct Field Infirmary
Forward Retreat Point
Armored Vehicle Training
Selects Smoke Operation
Churchill Crocodile Heavy Tank
Old Saint Henderson
SgtSteiner
Jun
toxemicjonking12
Chipi ☆
无胡
0
0
Comments
sign in to comment!
No comments posted yet!